 Dungeon Crawl Stone Soup version 0.23.0 (webtiles) character file.

Game seed: 14243893190620475231

2 tidbits the Charmwright (level 1, 20/20 HPs)
             Began as a Gnoll Skald on Feb 17, 2019.
             Quit the game on level 1 of the Dungeon.
             The game lasted 00:02:01 (70 turns).

tidbits the Charmwright (Gnoll Skald)                 Turns: 70, Time: 00:02:01

Health: 20/20      AC:  3    Str: 13    XL:     1   Next: 40%
Magic:  6/6        EV: 14    Int: 15    God:
Gold:   15         SH:  0    Dex: 14    Spells: 8/9 levels left

rFire    . . .     SeeInvis .   a - +0 spear
rCold    . . .     Gourm    .   (no shield)
rNeg     . . .     Faith    .   b - +0 leather armour
rPois    .         Spirit   .   (no helmet)
rElec    .         Reflect  .   (no cloak)
rCorr    .         Harm     .   (no gloves)
MR       .....                  (no boots)
Stlth    +.........             (no amulet)
HPRegen  0.06/turn              (no ring)
MPRegen  0.10/turn              (no ring)

@: infused
A: distributed training, fangs 1, strong nose
a: no special abilities


You were on level 1 of the Dungeon.
You were not hungry.

You visited 1 branch of the dungeon, and saw 1 of its levels.

You collected 15 gold pieces.

Inventory:

Hand Weapons
 a - a +0 spear (weapon)
Armour
 b - a +0 leather armour (worn)
 c - a scarf of cloud immunity
   (You found it on level 1 of the Dungeon)
Potions
 e - 2 potions of lignification {unknown}
Comestibles
 d - a ration


   Skills:
 + Level 4.4 Fighting
 + Level 0.0 Short Blades
 + Level 0.0 Long Blades
 + Level 0.0 Axes
 + Level 0.0 Maces & Flails
 + Level 4.4 Polearms
 + Level 0.0 Staves
 + Level 0.0 Slings
 + Level 0.0 Bows
 + Level 0.0 Crossbows
 + Level 0.0 Throwing
 + Level 2.3 Armour
 + Level 4.4 Dodging
 + Level 0.0 Stealth
 + Level 0.0 Shields
 + Level 0.0 Unarmed Combat
 + Level 4.8 Spellcasting
 + Level 0.0 Conjurations
 + Level 0.0 Hexes
 + Level 5.3 Charms
 + Level 0.0 Summonings
 + Level 0.0 Necromancy
 + Level 0.0 Translocations
 + Level 0.0 Transmutations
 + Level 0.0 Fire Magic
 + Level 0.0 Ice Magic
 + Level 0.0 Air Magic
 + Level 0.0 Earth Magic
 + Level 0.0 Poison Magic
 + Level 0.1 Invocations
 + Level 0.0 Evocations


You had 8 spell levels left.
You knew the following spells:

 Your Spells              Type           Power        Failure   Level  Hunger
i - Infusion              Chrm           ###.         2%          1    None

Your spell library contained the following spells:

 Spells                   Type           Power        Failure   Level  Hunger
 Song of Slaying          Chrm           ###.....     3%          2    ##.....
 Shroud of Golubria       Chrm/Tloc      ##........   11%         2    ##.....
 Regeneration             Chrm/Necr      ##........   21%         3    ###....
 Spectral Weapon          Hex/Chrm       ##......     21%         3    ###....


Dungeon Overview and Level Annotations

Branches:
Dungeon (1/15)

Altars:


Innate Abilities, Weirdness & Mutations

Your experience applies equally to all skills.
You have very sharp teeth.
Your uncanny sense of smell can sniff out nearby items.


Message History

Attack whom?
Press: ? - help, Dir - move target cursor, f - hobgoblin
Aim: a hobgoblin You reach to attack!
You hit the hobgoblin.
The hobgoblin is severely wounded.
The hobgoblin throws a stone.
The stone hits you.
Attack whom?
Press: ? - help, Dir - move target cursor, f/p - hobgoblin
Aim: a hobgoblin (severely wounded)
You reach to attack!
You barely miss the hobgoblin.
The hobgoblin is severely wounded.
The hobgoblin throws a stone.
The stone misses you.
Attack whom?
Press: ? - help, Dir - move target cursor, f/p - hobgoblin
Aim: a hobgoblin (severely wounded)
You reach to attack!
You hit the hobgoblin.
You kill the hobgoblin!
No target in view!
There is a large open door here.
You see here a stone.
You open the door.
There is an open door here.
You open the door.
A goblin comes into view.
The goblin throws a stone.
The stone closely misses you.
Found 2 gold pieces.
Unknown command.
Unknown command.
The goblin throws a stone.
The stone barely misses you.
The goblin throws a stone.
The stone barely misses you.
You see here 2 stones.
The goblin throws a stone.
The stone hits you but does no damage.
You see here a stone.
You open the door.
The goblin throws a stone.
The stone barely misses you.
There is an open door here.
You see here a stone.
You open the door.
The goblin throws a stone.
The stone barely misses you.
Unknown command.
Unknown command.
A kobold comes into view. It is wielding a +0 mace.
There is an open door here.
Unknown command.
Unknown command.
Unknown command.
Unknown command.
Unknown command.
Unknown command.
Unknown command.
Unknown command.
Unknown command.
Unknown command.
Unknown command.
The goblin throws a stone.
The stone hits you but does no damage.
There is an open door here.
You see here 3 stones.
The goblin throws a stone.
The stone completely misses you.
Found an embroidered scarf.
The goblin throws a stone.
The stone hits you but does no damage.
Found 15 gold pieces and 2 lumpy golden potions.
You see here a stone.
You see here a leather armour.
Your magical infusion is running out.
You see here an embroidered scarf.
c - an embroidered scarf You open the door.
The goblin throws a stone.
The stone hits you but does no damage.
You see here 15 gold pieces.
You now have 15 gold pieces.
You are no longer magically infusing your attacks.
Casting: Infusion (safe; 2% risk of failure)
Confirm with . or Enter, or press ? or * to list all spells.
You begin infusing your attacks with magical energy.
The goblin throws a stone.
The stone closely misses you.
Unknown command.
Things that are here:
a stone; 2 lumpy golden potions
e - 2 lumpy golden potions The goblin throws a stone.
The stone misses you.
The goblin throws a stone.
The stone barely misses you.
You see here a stone.
Unknown command.
The goblin throws a stone.
The stone barely misses you.
There is an open door here.
The goblin throws a stone.
The stone hits you but does no damage.
You see here a stone.
The goblin throws a stone.
The stone hits you but does no damage.
You see here a stone.
Unknown command.
Unknown command.
Unknown command.
Unknown command.
The goblin throws a stone.
The stone barely misses you.
You see here a stone.
Are you sure you want to abandon this character and quit the game? (Confirm with "yes".)
Okay, then.
Unknown command.
Unknown command.
Unknown command.
Are you sure you want to abandon this character and quit the game? (Confirm with "yes".)

##...........##...(#.#
##.((......###...##.#
###8#8(8### #####.##
###'### #.#
#....§.§§..K# ##.#
#≈≈≈§§.§.≈§≈# ###(##
###≈§§≈≈§≈#####..## ∆
.#####+#####..g### ∆
#......@..(.####
############# ∆ ∆ ∆


You could see a goblin.

Vanquished Creatures
  2 hobgoblins (D:1)
2 creatures vanquished.

Notes
Turn   | Place    | Note
-------+----------+-------------------------------------------
     0 | D:1      | tidbits the Gnoll Skald began the quest for the Orb.
     0 | D:1      | Reached XP level 1. HP: 20/20 MP: 6/6
    70 | D:1      | Quit the game

Action                   || total
-------------------------++-------
Melee: Spear             ||     6
 Cast: Infusion          ||     2
Armor: Leather armour    ||     5
Dodge: Dodged            ||    17

Table legend:
 A = Turns spent in this place as a percentage of turns spent in the entire game.
 B = Non-inter-level travel turns spent in this place as a percentage of non-inter-level travel turns spent in the entire game.
 C = Inter-level travel turns spent in this place as a percentage of turns spent in this place.
 D = Turns resting spent in this place as a percentage of non-inter-level travel turns spent in this place.
 E = Turns spent auto-exploring this place as a percentage of non-inter-level travel turns spent in this place.
 F = Non-inter-level travel turns spent in this place divided by the number of levels of this place that you've seen.
                   A       B       C       D       E      F
               +-------+-------+-------+-------+-------+----------------------
         Total | 100.0 | 100.0 |   0.0 |   0.0 |   0.0 |  70.0
       Dungeon | 100.0 | 100.0 |   0.0 |   0.0 |   0.0 |  70.0
               +-------+-------+-------+-------+-------+----------------------

Table legend:
 A = Kills in this place as a percentage of kills in entire the game.
 B = Kills by you in this place as a percentage of kills by you in the entire game.
 C = Kills by friends in this place as a percentage of kills by friends in the entire game.
 D = Other kills in this place as a percentage of other kills in the entire game.
 E = Experience gained in this place as a percentage of experience gained in the entire game.
 F = Experience gained in this place divided by the number of levels of this place that you have seen.
                   A       B       C       D       E      F
               +-------+-------+-------+-------+-------+----------------------
         Total | 100.0 | 100.0 |   N/A |   N/A | 100.0 |   4.0
       Dungeon | 100.0 | 100.0 |   N/A |   N/A | 100.0 |   4.0
               +-------+-------+-------+-------+-------+----------------------

Levels and vault maps discovered:
D:1:      dpeg_arrival_morbid_curiosity, layout_basic
